cohdb
Replays
Latest Replays
All Replays
Popular Replays
Top Player Replays
Match Explorer
How It Works
Community
CoH3 Stats
Reddit
Sign in to upload your games and track your stats! →
Sign in with Steam
Match 43535728
Unlisted
Match 43535728
Overview
Messages
Build Orders
End
Pioneer Squad
Selects Italian Coastal Battlegroup
Selects Coastal Reserves
Coastal Reserve
Coastal Reserve
Coastal Reserve
Construct Infanterie Kompanie
MG 42 Machine Gun Team
Selects Artillery Officer
Construct Panzergrenadier Kompanie
Medical Bunker
Artillery Officer
Selects Designate Defensive Line
Construct Panzer Kompanie
Selects Rapid Fortifications
Infanterie Officer Quarters
Stoßtruppen Squad
Pak 40 Anti-tank Gun Team
Sturmpanzer IV Brummbär
Selects Coastal Wall
Legionary
Malenkiy_Apelsin
0
0
Comments
sign in to comment!
No comments posted yet!